 Dungeon Crawl Stone Soup version 0.22-a0-409-gb855193 (webtiles) character file.

71489 tilp the Impaler (level 15, 0/115 HPs)
             Began as a Merfolk Ice Elementalist on May 10, 2018.
             Was a High Priest of Makhleb.
             Killed by divine providence
             ... invoked by a meliai
              (9 damage)
             ... on level 15 of the Dungeon.
             The game lasted 01:56:26 (34996 turns).

tilp the Impaler (Merfolk Ice Elementalist)        Turns: 34996, Time: 01:56:26

Health: 0/115      AC: 19    Str: 11    XL:     15   Next: 36%
Magic:  18/22      EV: 21    Int: 21    God:    Makhleb [*****.]
Gold:   1811       SH:  0    Dex: 16    Spells: 14/24 levels left

rFire    + . .     SeeInvis .   L - +3 glaive (flame)
rCold    . . .     Gourm    .   (shield currently unavailable)
rNeg     . . .     Faith    .   F - +5 ring mail of Hicwufy {Int+2}
rPois    +         Spirit   .   w - +2 helmet
rElec    .         Reflect  .   y - +2 cloak {rPois}
rCorr    .         Harm     .   k - +1 pair of gloves
MR       +....                  j - +0 pair of boots
Stlth    +.........             (no amulet)
HPRegen  0.29/turn              X - +2 ring of strength
MPRegen  0.18/turn              N - ring of protection from fire

@: no status effects
A: change form in water, swift swim, stealthy swim
a: Minor Destruction, Lesser Servant of Makhleb, Major Destruction, Greater
Servant of Makhleb, Renounce Religion


You were on level 15 of the Dungeon.
You worshipped Makhleb.
Makhleb was extremely pleased with you.
You were not hungry.

You visited 4 branches of the dungeon, and saw 23 of its levels.
You also visited: Volcano.

You collected 2059 gold pieces.
You spent 248 gold pieces at shops.

Inventory:

Hand Weapons
 L - a +3 glaive of flaming (weapon)
 S - a +2 bardiche
Missiles
 b - 8 javelins of penetration
 G - 7 javelins (quivered)
Armour
 e - the cursed +1 scale mail of the Mind {+Fly rF+++ Int-5 Slay-3, unknown}
   (You found it on level 15 of the Dungeon)

   It affects your intelligence (-5).
   It affects your accuracy and damage with ranged weapons and melee attacks
   (-3).
   It renders you almost immune to fire.
   It lets you fly.
   It has a curse placed upon it.
 j - a +0 pair of boots (worn)
 k - a +1 pair of gloves (worn)
 m - a +2 robe of resistance
 w - a +2 helmet (worn)
 y - a +2 cloak of poison resistance (worn)
 F - the +5 ring mail of Hicwufy (worn) {Int+2}
   (You found it on level 6 of the Dungeon)

   It affects your intelligence (+2).
 M - a +0 robe of magic resistance
 T - a +1 robe of fire resistance
Jewellery
 D - an uncursed ring of resist corrosion
 J - an uncursed ring of ice
 N - a ring of protection from fire (right hand)
 O - a +1 ring of protection
 P - an uncursed amulet of guardian spirit
 U - an uncursed ring of flight
 X - a +2 ring of strength (left hand)
Wands
 a - a wand of scattershot (8)
 u - a wand of polymorph (8)
 C - a wand of flame (22)
 I - a wand of acid (4)
 Q - a wand of disintegration (12)
 R - a wand of clouds (4)
Scrolls
 d - 11 scrolls of remove curse
 h - 5 scrolls of fear
 i - a scroll of blinking
 n - 3 scrolls of teleportation
 p - a scroll of torment {unknown}
 q - 3 scrolls of enchant weapon
 s - 8 scrolls of magic mapping
 H - 2 scrolls of fog
 V - a scroll of vulnerability {unknown}
 W - 3 scrolls of amnesia
Potions
 f - 2 potions of might
 g - 4 potions of flight
 l - 5 potions of curing
 o - 6 potions of brilliance
 r - 3 potions of berserk rage
 t - 2 potions of lignification {unknown}
 z - 4 potions of cancellation
 B - 4 potions of haste
 E - 3 potions of resistance {unknown}
 Z - a potion of magic {unknown}
Miscellaneous
 v - 2 boxes of beasts
 Y - a lamp of fire (inert)
Comestibles
 c - 21 rations


   Skills:
 + Level 10.0 Fighting
 - Level 20.0 Polearms
 - Level 16.0 Dodging
 - Level 2.1 Stealth
   Level 4.2 Shields
 - Level 5.0 Spellcasting
 - Level 4.1 Conjurations
 - Level 4.0 Charms
 - Level 12.0 Ice Magic
 - Level 6.0 Invocations
 - Level 4.1 Evocations


You had 14 spell levels left.
You knew the following spells:

 Your Spells              Type           Power        Failure   Level  Hunger
a - Freeze                Ice            ####         1%          1    None
b - Throw Frost           Conj/Ice       #####.       1%          2    None
c - Ozocubu's Armour      Chrm/Ice       #####...     3%          3    ##.....
d - Throw Icicle          Conj/Ice       #####...     10%         4    ####...


Dungeon Overview and Level Annotations

Branches:
Dungeon (15/15)            Temple (1/1) D:5            Lair (5/6) D:10
 Shoals (0/4) Lair:4       Spider (0/4) Lair:3          Orc (2/2) D:12
    Elf (0/3) Orc:2        Vaults (0/5) D:14         Depths (0/5) D:15
  Slime: Lair:5-6

Altars:
Ashenzari
Cheibriados
Dithmenos
Elyvilon
Fedhas
Gozag
Hepliaklqana
Kikubaaqudgha
Makhleb
Nemelex Xobeh
Okawaru
Qazlal
Ru
Sif Muna
Trog
Uskayaw
Vehumet
Wu Jian
Xom
Yredelemnul
Zin
The Shining One

Shops:
Orc:1 [   Orc:2 =?[

Portals:
Trove: D:15 (give 11 potions of heal wounds)

Annotations:
D:11 cyclops
Lair:4 Rupert
Orc:2 KristoblXynda's ghost, journeyman DrGl


Message History

The meliai calls down the wrath of its god upon you.
Something smites you!
Casting: Throw Icicle (safe; 10% risk of failure)
Confirm with . or Enter, or press ? or * to list all spells.
Aiming: Throw Icicle (safe; 10% risk of failure)
Press: ? - help, Shift-Dir - straight line, f - meliai
Aim: a meliai, wielding a hand axe and wearing a glowing robe (almost dead)
The shard of ice misses the meliai.
The meliai mumbles some strange prayers to its god against you.
Something smites you!
* * * LOW HITPOINT WARNING * * *
The meliai invokes the aid of its god against you.
Something smites you!
* * * LOW HITPOINT WARNING * * *
You feel better. The meliai hits you with a hand axe.
* * * LOW HITPOINT WARNING * * *
The meliai stings you but does no damage.
The meliai invokes the aid of its god against you.
Something smites you!
You die...

#|# #.# #.# #.# #.#
#.# #.# ###### #.#
#.# ...... #.# #.#
......### #.#
#.##..........# #.#
#.##..........####.#
#...........y@..#
#..........######
#..........#
#...........
#.J.........
#.#'#.......
#H#.#.###### #y# #.
#####)#


You could see a meliai.

Vanquished Creatures
  Kirke (D:12)
  A caustic shrike zombie (D:15)
  The ghost of Fingolfin the Firebug, a journeyman TrFE of Vehumet (Lair:1)
  6 hydras
  A death knight (D:15)
  5 two-headed ogres
  2 centaur warriors
  A tengu warrior (D:13)
  An ogre mage (Volcano)
  3 orc high priests (Orc:2)
  Urug (D:12)
  2 skeletal warriors (D:15)
  An unseen horror (D:12)
  A wizard (D:15)
  3 orc knights
  A flayed ghost (D:15)
  A necromancer (D:15)
  A wolf spider zombie (D:15)
  4 orc sorcerers
  A wolf spider (D:15)
  A deep elf mage (D:15)
  2 manticores
  7 ugly things
  2 elephants (Lair:3)
  The ghost of Patate the Ducker, a novice TrHu (D:5)
  2 centaur zombies
  2 black mambas
  A torpor snail (Lair:3)
  A gargoyle (D:15)
  9 spiny frogs
  4 komodo dragons
  3 rime drakes
  A freezing wraith (D:12)
  2 guardian mummies (D:15)
  3 jumping spiders (Lair:3)
  4 trolls
  2 meliai (D:15)
  A polar bear (Lair:4)
  5 hippogriffs
  8 slime creatures
  Grinder (D:4)
  A deep troll zombie (D:15)
  8 blink frogs
  2 spriggan zombies (D:15)
  A meliai zombie (D:14)
  A centaur simulacrum (D:14)
  2 shadows
  3 redbacks (Lair:3)
  A hog (D:12)
  25 yaks
  4 wraiths
  3 wyverns
  A hungry ghost (D:11)
  Eustachio (D:3)
  A steam dragon (D:8)
  A basilisk (Lair:2)
  16 humans (D:14)
  4 vampire mosquitoes (D:14)
  4 wargs
  A soldier ant (D:11)
  An acid dragon (D:15)
  14 water moccasins
  8 porcupines
  A hornet zombie (D:13)
  2 ice beasts
  26 orc warriors
  11 ogres
  An eye of draining (D:14)
  2 phantoms
  A necrophage (D:9)
  4 boggarts (D:15)
  4 wolves
  11 crocodiles
  14 centaurs
  A big kobold (D:8)
  15 bullfrogs
  A gnoll sergeant (D:8)
  A wyvern skeleton (D:9)
  16 killer bees
  3 scorpions
  7 wights
  A howler monkey (D:4)
  5 centaur skeletons
  8 crimson imps
  3 jellies
  A quasit (D:10)
  6 hounds
  A gnoll shaman (D:5)
  35 orc wizards
  30 orc priests
  2 bullfrog skeletons
  Jessica (D:2)
  10 worker ants
  Natasha (thrice) (D:2)
  An iguana (D:4)
  A killer bee zombie (D:9)
  A hound zombie (D:8)
  A howler monkey zombie (D:6)
  18 gnolls
  7 adders
  3 shadow imps
  4 adder skeletons
  4 worms
  2 dart slugs
  6 leopard geckos
  89 orcs
  A ball python (D:1)
  2 giant cockroaches
  14 goblins
  19 hobgoblins
  8 jackals
  4 quokkas
  A ball python skeleton (D:6)
  10 bats
  6 frilled lizards
  4 kobolds
  10 rats
646 creatures vanquished.

Vanquished Creatures (collateral kills)
  Fannar (Orc:1)
  A hydra (D:12)
  The ghost of dstrtnsr the Cleaver, a novice HOBe of Trog (D:10)
  3 two-headed ogres (Volcano)
  An orc high priest (Orc:2)
  A skeletal warrior (D:15)
  A hell knight (Volcano)
  An ugly thing (D:11)
  A komodo dragon (Lair:2)
  A troll (D:12)
  A blink frog (Lair:3)
  2 hippogriffs
  A centaur (D:12)
  A crocodile (Lair:3)
  A bullfrog (Lair:3)
  2 orc priests (Orc:2)
  An orc (D:13)
  A withered plant (D:15)
22 creatures vanquished.

Vanquished Creatures (others)
  2 humans (D:13)
  A bullfrog zombie (D:13)
  7 fungi
  3 plants
  A withered plant (D:15)
14 creatures vanquished.

Grand Total: 682 creatures vanquished

Notes
Turn   | Place    | Note
-------+----------+-------------------------------------------
     0 | D:1      | tilp the Merfolk Ice Elementalist began the quest for the Orb.
     0 | D:1      | Reached XP level 1. HP: 13/13 MP: 3/3
   228 | D:1      | Reached XP level 2. HP: 19/19 MP: 0/5
   517 | D:1      | Learned a level 2 spell: Throw Frost
   663 | D:1      | Reached XP level 3. HP: 24/24 MP: 4/6
  1453 | D:1      | Learned a level 3 spell: Ozocubu's Armour
  1466 | D:2      | Reached skill level 5 in Ice Magic
  1855 | D:2      | Noticed Natasha
  1864 | D:2      | Killed Natasha
  1864 | D:2      | Reached XP level 4. HP: 28/30 MP: 0/7
  2016 | D:2      | Noticed Natasha
  2021 | D:2      | Killed Natasha
  2083 | D:2      | Noticed Natasha
  2089 | D:2      | Killed Natasha
  2089 | D:2      | Reached XP level 5. HP: 18/35 MP: 0/8
  2444 | D:2      | Found a basalt altar of Yredelemnul.
  2578 | D:2      | Noticed Jessica
  2590 | D:2      | Killed Jessica
  3386 | D:2      | Found a glowing silver altar of Zin.
  3851 | D:3      | Reached skill level 1 in Shields
  3851 | D:3      | Reached XP level 6. HP: 29/41 MP: 1/9
  4538 | D:4      | Noticed Grinder
  4543 | D:4      | Paralysed by Grinder for 5 turns
  5357 | D:4      | Noticed Eustachio
  5436 | D:3      | Killed Eustachio
  5436 | D:3      | Reached XP level 7. HP: 30/46 MP: 0/10
  5683 | D:4      | Reached skill level 1 in Fighting
  5880 | D:5      | Entered Level 5 of the Dungeon
  5880 | D:5      | Found an ancient bone altar of Kikubaaqudgha.
  5910 | D:5      | Found an ancient bone altar of Kikubaaqudgha.
  6017 | D:5      | Found a staircase to the Ecumenical Temple.
  6063 | Temple   | Entered the Ecumenical Temple
  6177 | Temple   | Became a worshipper of Makhleb the Destroyer
  6368 | D:5      | Noticed Patate's ghost (novice TrHu)
  7238 | D:6      | Identified the Grimoire of Blistering Calling
  7345 | D:6      | Got a translucent ring mail
  7607 | D:6      | Reached XP level 8. HP: 49/61 MP: 1/11
  7740 | D:6      | Reached skill level 5 in Dodging
  8337 | D:7      | Found a shattered altar of Ashenzari.
  8684 | D:7      | Reached skill level 1 in Charms
  9572 | D:8      | Noticed a hippogriff
  9706 | D:8      | Reached skill level 1 in Invocations
  9706 | D:8      | Reached XP level 9. HP: 66/66 MP: 8/12
  9827 | D:8      | Reached * piety under Makhleb
 10580 | D:8      | Found a shimmering altar of Xom.
 10581 | D:8      | Found a shimmering altar of Xom.
 10595 | D:8      | Found a shimmering altar of Xom.
 10595 | D:8      | Found a shimmering altar of Xom.
 10595 | D:8      | Found a shimmering altar of Xom.
 10675 | D:8      | Found a shimmering altar of Xom.
 10719 | D:8      | Found an ornate altar of the Wu Jian Council.
 10729 | D:8      | Found a shadowy altar of Dithmenos.
 10826 | D:8      | Reached skill level 5 in Invocations
 11668 | D:8      | Reached ** piety under Makhleb
 11756 | D:9      | Reached skill level 5 in Spellcasting
 11784 | D:9      | Reached skill level 1 in Evocations
 11996 | D:9      | Reached XP level 10. HP: 71/73 MP: 6/17
 12302 | D:8      | Reached skill level 1 in Conjurations
 12778 | D:9      | Noticed a two-headed ogre
 13738 | D:9      | Identified the +5 ring mail of Hicwufy {Int+2} (You found it on level 6 of the Dungeon)
 13772 | D:10     | Entered Level 10 of the Dungeon
 13860 | D:10     | Reached *** piety under Makhleb
 14006 | D:10     | Noticed dstrtnsr's ghost (novice HOBe)
 14074 | D:10     | Reached skill level 10 in Ice Magic
 14414 | D:10     | Found a staircase to the Lair.
 15293 | D:11     | Reached XP level 11. HP: 67/78 MP: 6/18
 15481 | D:11     | Noticed a cyclops
 15595 | D:11     | Noticed a red ugly thing
 15630 | Lair:1   | Entered Level 1 of the Lair of Beasts
 15735 | Lair:1   | Reached skill level 5 in Fighting
 15741 | Lair:1   | Learned a level 4 spell: Throw Icicle
 16490 | Lair:1   | Noticed Fingolfin's ghost (journeyman TrFE)
 17029 | Lair:2   | Found a dark tunnel.
 17040 | Volcano  | Entered a volcano
 17084 | Volcano  | Noticed a hell knight
 17088 | Volcano  | Noticed a two-headed ogre
 17094 | Volcano  | Killed a hell knight
 17108 | Volcano  | Killed a two-headed ogre
 17208 | Volcano  | Noticed a two-headed ogre
 17215 | Volcano  | Killed a two-headed ogre
 17215 | Volcano  | Reached skill level 10 in Dodging
 17228 | Volcano  | Noticed a two-headed ogre
 17228 | Volcano  | Noticed an ogre mage
 17230 | Volcano  | Noticed a two-headed ogre
 17238 | Volcano  | Killed a two-headed ogre
 17252 | Volcano  | Killed a two-headed ogre
 17277 | Volcano  | Killed an ogre mage
 17277 | Volcano  | Reached XP level 12. HP: 81/92 MP: 6/19
 17997 | Lair:2   | Noticed a four-headed hydra
 18005 | Lair:2   | Killed a four-headed hydra
 18748 | Lair:3   | Reached skill level 1 in Polearms
 18876 | Lair:3   | Reached skill level 2 in Polearms
 18967 | Lair:3   | Reached skill level 3 in Polearms
 18999 | Lair:3   | Noticed a seven-headed hydra
 19014 | Lair:3   | Killed a seven-headed hydra
 19014 | Lair:3   | Reached skill level 4 in Polearms
 19092 | Lair:3   | Noticed a five-headed hydra
 19259 | Lair:3   | Reached skill level 5 in Polearms
 19327 | Lair:3   | Killed a five-headed hydra
 19327 | Lair:3   | Reached skill level 6 in Polearms
 19434 | Lair:3   | Reached skill level 7 in Polearms
 19733 | Lair:3   | Reached skill level 8 in Polearms
 19921 | Lair:3   | Reached skill level 9 in Polearms
 20152 | Lair:3   | Found a hole to the Spider Nest.
 20237 | Lair:3   | Reached skill level 10 in Polearms
 20246 | Lair:3   | Got a shimmering mace
 20784 | Lair:3   | Reached skill level 11 in Polearms
 21288 | Lair:3   | Reached XP level 13. HP: 92/98 MP: 5/20
 21493 | Lair:3   | Identified the cursed +0 mace of Syrorchat {flame, MR+ Dex+3} (You found it on level 3 of the Lair of Beasts)
 21547 | Lair:4   | Found a staircase to the Shoals.
 21571 | Lair:4   | Reached skill level 12 in Polearms
 22196 | Lair:4   | Reached skill level 13 in Polearms
 23020 | Lair:4   | Noticed Rupert
 23091 | Lair:5   | Reached skill level 14 in Polearms
 24559 | Lair:1   | Killed Fingolfin's ghost
 24559 | Lair:1   | Reached skill level 15 in Polearms
 24829 | D:5      | Killed Patate's ghost
 24918 | D:4      | Killed Grinder
 25145 | D:10     | Killed dstrtnsr's ghost
 25752 | D:12     | Noticed Urug
 25767 | D:12     | Killed Urug
 25800 | D:12     | Reached skill level 16 in Polearms
 26126 | D:12     | Reached **** piety under Makhleb
 26692 | D:12     | Reached skill level 17 in Polearms
 26940 | D:12     | Found a staircase to the Orcish Mines.
 27441 | Orc:1    | Entered Level 1 of the Orcish Mines
 27667 | Orc:2    | Entered Level 2 of the Orcish Mines
 27669 | Orc:2    | Reached XP level 14. HP: 105/105 MP: 12/21
 27724 | Orc:2    | Found a staircase to the Elven Halls.
 27854 | Orc:2    | Reached skill level 18 in Polearms
 28249 | Orc:1    | Found Mifuas's Antique Armour Boutique.
 28249 | Orc:1    | Noticed Fannar
 28267 | Orc:1    | Killed Fannar
 28462 | Orc:1    | Bought a pair of boots for 108 gold pieces
 29388 | Orc:2    | Noticed KristoblXynda's ghost (journeyman DrGl)
 29903 | Orc:2    | Reached skill level 19 in Polearms
 30133 | Orc:2    | Found Uxovos's Food Emporium.
 30133 | Orc:2    | Found Puibariun's Jewellery Emporium.
 30257 | Orc:2    | Found Duxi's Magic Scroll Shoppe.
 30260 | Orc:2    | Found Juahob's Antique Armour Shoppe.
 30267 | Orc:2    | Bought a scroll of identify for 28 gold pieces
 30267 | Orc:2    | Bought a scroll of random uselessness for 14 gold pieces
 30267 | Orc:2    | Bought a scroll of identify for 28 gold pieces
 30267 | Orc:2    | Bought a scroll of identify for 28 gold pieces
 30267 | Orc:2    | Bought a scroll of noise for 14 gold pieces
 30267 | Orc:2    | Bought a scroll of fog for 28 gold pieces
 31003 | D:13     | Noticed Kirke
 31051 | D:12     | Noticed a sphinx
 31286 | D:12     | Killed Kirke
 31390 | D:13     | Reached skill level 20 in Polearms
 31977 | D:14     | Found a gate to the Vaults.
 32127 | D:14     | Reached skill level 10 in Fighting
 32227 | D:14     | Reached ***** piety under Makhleb
 32966 | D:15     | Entered Level 15 of the Dungeon
 32988 | D:15     | Reached XP level 15. HP: 115/115 MP: 18/22
 33442 | D:15     | Found a staircase to the Depths.
 33614 | D:15     | Reached skill level 15 in Dodging
 34067 | D:15     | Got an encrusted scale mail
 34880 | D:15     | Found a portal to a secret trove of treasure.
 34996 | D:15     | Killed from afar by a meliai

Vault maps used:
D:1:      scummos_arrival_checkerplants, minmay_tall_x
D:2:      marbit_many_paths, old_standard_altar, nrook_uturn, uniq_natasha,
          uniq_jessica
D:3:      first_ration
D:4:      minmay_misc_feat_x, uniq_eustachio, uniq_grinder
D:5:      overflow_temple_1_default, minmay_temple_entry_statues_pillars,
          basic_altar
D:6:      hangedman_decor_push, st_stairs_13, kennysheep_generic_room_10
D:7:      grunt_ogre_cave, evilmike_ruin_ashenzari
D:8:      wad_cavern_with_rooms, xom_redecorated,
          amethyst_overflow_temple_binary
D:10:     grunt_lair_entry_orc_guard_hut
D:12:     erik_orc_3, uniq_urug
D:13:     uniq_kirke
D:14:     david_vaults_3, minivault_27, serial_glass, glass_columns_a,
          glass_columns_b
D:15:     gammafunk_depths_entry_grave, nicolae_trove_entry_path_of_doom,
          minmay_misc_feat_secret_circle
Temple:   regret_index_temple_sphere_string
Lair:1:   columned_hall_lemuel, nicolae_quartered_pool_medium, minmay_holes
Lair:2:   enter_volcano_1, beast_lair_carwin_2
Lair:3:   nicolae_spider_entry_tight_spaces, hangedman_lair_generics_rect
Lair:4:   minmay_shoals_entry_centaurs, grunt_forest_stairs_basic,
          grunt_megastairs_1, uniq_rupert
Orc:1:    serial_shops, shop, uniq_fannar
Orc:2:    st_orc_mages
Volcano:  volcano_pools

Skill      XL: |  1  2  3  4  5  6  7  8  9 10 11 12 13 14 15 |
---------------+----------------------------------------------+-----
Ice Magic      | 4 5 6 7 11 12 | 12.0
Shields        | 1 4 |  4.2
Fighting       | 4 8 10 | 10.0
Dodging        | 4 8 11 12 13 16 | 16.0
Charms         | 4 |  4.0
Invocations    | 1 6 |  6.0
Spellcasting   | 5 |  5.0
Evocations     | 2 4 |  4.1
Conjurations   | 2 4 |  4.1
Polearms       | 11 17 20 | 20.0
Stealth        | |  2.1

Action                   |  1- 3 |  4- 6 |  7- 9 | 10-12 | 13-15 || total
-------------------------+-------+-------+-------+-------+-------++-------
Melee: Dagger            |     8 |       |       |       |       ||     8
       Whip              |    46 |   113 |   247 |   460 |       ||   866
       Spear             |       |       |       |   284 |    13 ||   297
       Glaive            |       |       |       |       |  1207 ||  1207
       Halberd           |       |       |       |       |   270 ||   270
       Unarmed           |       |       |       |       |     3 ||     3
Throw: Tomahawk          |       |     5 |    12 |     5 |     6 ||    28
 Cast: Freeze            |    43 |    44 |   138 |   291 |    36 ||   552
       Ozocubu's Armour  |     3 |    13 |    36 |    15 |     1 ||    68
       Throw Frost       |     2 |    21 |    25 |    48 |    12 ||   108
       Throw Icicle      |       |       |       |    23 |    47 ||    70
Invok: Lesser Servant of |       |       |       |    14 |    18 ||    32
Evoke: Wand              |       |       |     2 |     4 |     4 ||    10
       Box of beasts     |       |       |       |     1 |     2 ||     3
       Lamp of fire      |       |       |       |       |     3 ||     3
  Use: Scroll            |     3 |     2 |     3 |    10 |    19 ||    37
       Potion            |       |     2 |     1 |     4 |     5 ||    12
 Stab: Sleeping          |     1 |     2 |     8 |       |     4 ||    15
       Distracted        |       |       |       |     3 |     4 ||     7
  Eat: Chunk             |     4 |    11 |    15 |    29 |    37 ||    96
       Ration            |       |     1 |     4 |     2 |     5 ||    12
Armor: Robe              |     6 |    28 |    75 |    42 |     1 ||   152
       Ring mail         |       |       |       |   234 |   412 ||   646
Dodge: Dodged            |    52 |   119 |   251 |   650 |   932 ||  2004
Block: Buckler           |       |     7 |    93 |   232 |       ||   332

Table legend:
 A = Spawn XP
 B = Non-spawn XP
 C = Spawn XP percentage of total XP
 D = Spawn monster count
 E = Non-spawn monster count
 F = Spawn count percentage of total count
 G = Total turns spent on level
                    A         B        C        D         E        F      G
               +---------+---------+-------+---------+---------+-------+---------
         Total |       0 |  102128 |   0.0 |       0 |     667 |   0.0 | 34996
               +---------+---------+-------+---------+---------+-------+---------
           D:1 |       0 |      78 |   0.0 |       0 |      40 |   0.0 |  1747
           D:2 |       0 |     196 |   0.0 |       0 |      23 |   0.0 |  1685
           D:3 |       0 |     273 |   0.0 |       0 |      21 |   0.0 |  1198
           D:4 |       0 |     450 |   0.0 |       0 |      13 |   0.0 |  1285
           D:5 |       0 |     738 |   0.0 |       0 |      10 |   0.0 |  1076
           D:6 |       0 |     759 |   0.0 |       0 |      18 |   0.0 |  1425
           D:7 |       0 |     712 |   0.0 |       0 |      18 |   0.0 |  1231
           D:8 |       0 |    2197 |   0.0 |       0 |      46 |   0.0 |  2655
           D:9 |       0 |    2536 |   0.0 |       0 |      39 |   0.0 |  1774
          D:10 |       0 |    2559 |   0.0 |       0 |      27 |   0.0 |  1644
          D:11 |       0 |    2929 |   0.0 |       0 |      17 |   0.0 |  1263
          D:12 |       0 |    9734 |   0.0 |       0 |      61 |   0.0 |  1625
          D:13 |       0 |    7569 |   0.0 |       0 |      19 |   0.0 |   668
          D:14 |       0 |   10602 |   0.0 |       0 |      43 |   0.0 |   976
          D:15 |       0 |   16277 |   0.0 |       0 |      48 |   0.0 |  2030
        Lair:1 |       0 |    4409 |   0.0 |       0 |      17 |   0.0 |  1373
        Lair:2 |       0 |    5078 |   0.0 |       0 |      21 |   0.0 |  1467
        Lair:3 |       0 |    9815 |   0.0 |       0 |      35 |   0.0 |  2797
        Lair:4 |       0 |    5142 |   0.0 |       0 |      29 |   0.0 |  1596
        Lair:5 |       0 |    3283 |   0.0 |       0 |      11 |   0.0 |  1434
         Orc:1 |       0 |    2572 |   0.0 |       0 |      18 |   0.0 |   743
         Orc:2 |       0 |   10217 |   0.0 |       0 |      87 |   0.0 |  2789
       Volcano |       0 |    4003 |   0.0 |       0 |       6 |   0.0 |   375
               +---------+---------+-------+---------+---------+-------+---------
